 Dungeon Crawl Stone Soup version 0.30.1-11-g7821555f0a (webtiles) character file.

Game seed: 8407283640547475200

7765 porpoise the Skirmisher (level 11, -5/79 HPs)
             Began as a Human Hunter on Jan 17, 2024.
             Was an Elder of Fedhas.
             Slain by a wyvern (11 damage)
             ... on level 1 of the Lair of Beasts.
             The game lasted 00:31:01 (12345 turns).

porpoise the Skirmisher (Human Hunter)             Turns: 12345, Time: 00:31:02

Health: -5/79      AC: 12    Str: 11    XL:     11   Next: 43%
Magic:  14/14      EV: 15    Int: 10    God:    Fedhas [****..]
Gold:   635        SH:  0    Dex: 21    Spells: 10/10 levels left

rFire   . . .        a - +0 shortbow
rCold   + . .        (shield currently unavailable)
rNeg    + . .        n - +2 robe {rN+}
rPois   .            C - +0 helmet
rElec   .            o - +0 cloak
rCorr   .            s - +0 pair of gloves
SInv    .            K - +0 pair of boots
Will    .....        y - amulet of the acrobat
Stlth   +++          m - +4 ring of protection
HPRegen 0.33/turn    r - ring of protection from cold
MPRegen 0.14/turn

%: acrobat
@: hasted, very quick
A: no striking features
a: Renounce Religion, Wall of Briars, Grow Ballistomycete, Overgrow


You were on level 1 of the Lair of Beasts.
You worshipped Fedhas.
Fedhas was greatly pleased with you.
You visited 2 branches of the dungeon, and saw 11 of its levels.

You collected 635 gold pieces.

Inventory:

Hand Weapons
 a - a +0 shortbow (weapon)
 b - a +0 short sword of venom
 w - a +3 scimitar of flaming
Missiles
 p - 38 poisoned darts
 H - a boomerang of dispersal
 J - a throwing net
 L - 4 javelins
 P - 4 atropa-tipped darts
Armour
 n - a +2 robe of positive energy (worn)
 o - a +0 cloak (worn)
 s - a +0 pair of gloves (worn)
 C - a +0 helmet (worn)
 K - a +0 pair of boots (worn)
Magical Staves
 q - a staff of cold
Jewellery
 e - a ring of protection from fire
 m - a +4 ring of protection (left hand)
 r - a ring of protection from cold (right hand)
 y - an amulet of the acrobat (around neck)
 F - an amulet of guardian spirit
 I - the ring "Ufiulant" {rN+ Str-5 Int+5 SInv}
   (You found it on level 7 of the Dungeon)

   [ring of see invisible]

   Str:       It affects your strength (-5).
   Int:       It affects your intelligence (+5).
   rN:        It protects you from negative energy.
   SInv:      It lets you see invisible.
 N - an amulet of magic regeneration
 R - a +6 ring of intelligence
Wands
 x - a wand of flame (47)
 D - a wand of roots (18)
Scrolls
 c - a scroll of torment
 d - 2 scrolls of amnesia
 f - a scroll of poison
 g - 2 scrolls of noise
 h - 2 scrolls of immolation
 k - a scroll of fog
 u - a scroll of teleportation
 v - a scroll of enchant armour
 A - a scroll of fear
 M - a scroll of brand weapon {unknown}
 T - a scroll of summoning
 U - a scroll of silence {unknown}
Potions
 i - a potion of ambrosia
 j - a potion of lignification
 l - a potion of cancellation
 z - 3 potions of flight
 E - a potion of brilliance
 Q - a potion of magic {unknown}
 S - 2 potions of degeneration {unknown}
Miscellaneous
 G - a piece from Xom's chessboard (15/15)


   Skills:
 - Level 5.0 Fighting
 * Level 13.8 Ranged Weapons
 - Level 5.0 Dodging
 - Level 5.0 Stealth
 - Level 5.0 Invocations
 + Level 4.9 Evocations


You had 10 spell levels left.
You didn't know any spells.
Your spell library contained the following spells:

 Spells                   Type           Power      Damage    Failure   Level
 Magic Dart               Conj           0%         1d3       36%         1
 Shock                    Conj/Air       0%         1d3       36%         1
 Call Imp                 Summ           0%         N/A       50%         2
 Cigotuvi's Dreadful Rot  Necr/Pois/Air  0%         N/A       50%         2
 Searing Ray              Conj           0%         2d4       50%         2
 Ignite Poison            Fire/Tmut/Pois 0%         N/A       75%         3
 Mephitic Cloud           Conj/Pois/Air  0%         N/A       75%         3
 Swiftness                Air            0%         N/A       75%         3
 Airstrike                Air            0%         2d(0-16)  98%         4
 Dispel Undead            Necr           0%         3d6       98%         4
 Fulminant Prism          Conj/Hex       0%         3d5       98%         4
 Freezing Cloud           Conj/Ice/Air   0%         6-21      100%        5
 Death Channel            Necr           0%         N/A       100%        6


Dungeon Overview and Level Annotations

Branches:
Dungeon (10/15)            Temple (0/1) D:7            Lair (1/5) D:8
    Orc (0/2) D:9

Altars:
Ashenzari
Dithmenos
Elyvilon
Fedhas
Hepliaklqana
Kikubaaqudgha
Qazlal
Sif Muna
Uskayaw
Yredelemnul

Shops:
D:9 [


Message History

The yak gores you!
* * * LOW HITPOINT WARNING * * *
You shoot an arrow. The arrow hits the yak!
The yak is severely wounded.
You shoot an arrow.
The arrow hits the yak but does no damage.
The yak is severely wounded.
The yak gores you.
* * * LOW HITPOINT WARNING * * *
You shoot an arrow. The arrow hits the yak.
The yak is almost dead.
The yak gores you.
* * * LOW HITPOINT WARNING * * *
You shoot an arrow. The arrow barely misses the yak.
The arrow hits the yak!
The yak is severely wounded.
The yak gores you.
* * * LOW HITPOINT WARNING * * *
You shoot an arrow. The arrow hits the yak!
You kill the yak!
Fedhas appreciates your contribution to the ecosystem.
You shoot an arrow. The arrow hits the yak.
The yak is severely wounded.
You shoot an arrow.
The arrow hits the yak but does no damage.
The yak is severely wounded.
The yak barely misses you.
You shoot an arrow.
The arrow barely misses the yak. x2; The yak gores you.
* * * LOW HITPOINT WARNING * * *
You feel yourself speed up. The yak misses you.
There is a staircase to the Lair, spattered with blood here.
You can't go up here!
You can't go up here!
You climb downwards.
Welcome back to the Lair of Beasts!
The elephant misses you.
The elephant trunk-slaps you but does no damage.
The wyvern misses you.
There is a staircase back to the Dungeon, spattered with blood here.
The wyvern bites you!
You die...
Fedhas appreciates your contribution to the ecosystem.

#.. ...##
.....#
.!..###
.....#
#...##
#.l.Y###
#Y@...#
###.......
##.....
.... ...
.. .


You could see an elephant, a yak and a wyvern.

Vanquished Creatures
  Erica (D:8)
  A two-headed ogre (D:8)
  An elephant (D:8)
  A cane toad (D:8)
  An unseen horror (D:10)
  A kobold demonologist (D:9)
  A hornet (D:9)
  Grinder (D:5)
  3 yaks (D:8)
  A shadow (D:10)
  A wyvern (D:7)
  A steam dragon (D:10)
  2 wargs (D:8)
  An acid dragon (D:10)
  2 sky beasts (D:5)
  6 orc warriors
  2 black bears (D:7)
  3 ice beasts
  2 ogres (D:6)
  2 centaurs
  2 kobold brigands
  4 bullfrogs
  A gnoll sergeant (D:7)
  2 scorpions
  5 wights (D:10)
  10 killer bees
  2 howler monkeys (D:9)
  5 orc priests
  4 hounds
  4 jellies
  2 iguanas
  14 orc wizards
  3 gnolls (D:8)
  6 adders
  A shadow imp (D:8)
  2 ufetubi
  A worm (D:4)
  2 dart slugs
  28 orcs
  4 ball pythons
  2 bat zombies (D:5)
  2 endoplasms (D:1)
  A giant cockroach (D:3)
  17 goblins
  13 hobgoblins
  2 quokkas
  5 bats
  2 frilled lizards
  17 kobolds
  4 rats
  A rat zombie (D:5)
202 creatures vanquished.

Vanquished Creatures (others)
  An orc wizard (D:10)
  An adder (D:5)
2 creatures vanquished.

Grand Total: 204 creatures vanquished

Notes
Turn   | Place    | Note
-------+----------+-------------------------------------------
     0 | D:1      | porpoise the Human Hunter began the quest for the Orb.
     0 | D:1      | Reached XP level 1. HP: 16/16 MP: 1/1
   109 | D:1      | Reached XP level 2. HP: 22/22 MP: 2/2
   350 | D:1      | Reached XP level 3. HP: 28/28 MP: 3/3
  1413 | D:3      | Reached skill level 5 in Ranged Weapons
  1413 | D:3      | Reached XP level 4. HP: 9/34 MP: 4/4
  2153 | D:3      | Reached XP level 5. HP: 41/41 MP: 5/5
  2352 | D:3      | Found a blossoming altar of Fedhas.
  2426 | D:3      | Became a worshipper of Fedhas Madash
  2739 | D:4      | Found a hide-covered altar of Uskayaw.
  2986 | D:4      | Reached skill level 6 in Ranged Weapons
  2986 | D:4      | Reached XP level 6. HP: 44/48 MP: 6/6
  3018 | D:4      | Noticed an ice beast
  3095 | D:4      | Killed an ice beast
  3211 | D:4      | Noticed a water elemental
  3213 | D:4      | Found a stormy altar of Qazlal.
  3215 | D:4      | Noticed an air elemental
  3215 | D:4      | Noticed a fire elemental
  3235 | D:4      | Reached * piety under Fedhas
  3294 | D:5      | Entered Level 5 of the Dungeon
  3408 | D:5      | Reached XP level 7. HP: 48/54 MP: 7/7
  3452 | D:5      | Found an ancient bone altar of Kikubaaqudgha.
  3537 | D:5      | Noticed Grinder
  3566 | D:5      | Reached skill level 7 in Ranged Weapons
  3566 | D:5      | Paralysed by Grinder for 2 turns
  3572 | D:5      | Killed Grinder
  3809 | D:5      | Reached skill level 5 in Fighting
  3809 | D:5      | Reached skill level 8 in Ranged Weapons
  3809 | D:5      | Reached XP level 8. HP: 62/62 MP: 8/8
  4382 | D:5      | Reached skill level 1 in Invocations
  5202 | D:6      | Reached skill level 9 in Ranged Weapons
  5233 | D:6      | Reached ** piety under Fedhas
  5537 | D:6      | Reached XP level 9. HP: 66/68 MP: 11/11
  6398 | D:7      | Found a basalt altar of Yredelemnul.
  6774 | D:7      | Found a white marble altar of Elyvilon.
  6791 | D:7      | Reached skill level 10 in Ranged Weapons
  6961 | D:7      | Found a staircase to the Ecumenical Temple.
  6965 | D:7      | Identified the ring "Ufiulant" {rN+ Str-5 Int+5 SInv}
  7326 | D:8      | Reached skill level 5 in Dodging
  7329 | D:8      | Reached skill level 5 in Invocations
  7350 | D:8      | Reached *** piety under Fedhas
  7588 | D:8      | Noticed a two-headed ogre
  7606 | D:8      | Killed a two-headed ogre
  7607 | D:8      | Reached skill level 11 in Ranged Weapons
  7607 | D:8      | Reached XP level 10. HP: 23/74 MP: 13/13
  7794 | D:8      | Found a staircase to the Lair.
  7840 | D:8      | Reached skill level 12 in Ranged Weapons
  7949 | D:8      | Reached skill level 1 in Evocations
  8045 | D:8      | Found a broken altar of Ashenzari.
  8164 | D:8      | Noticed Erica
  8197 | D:8      | Killed Erica
  8945 | D:9      | Found a hazy altar of Hepliaklqana.
  9085 | D:9      | Found Ichan's Armour Boutique.
  9085 | D:9      | Found a staircase to the Orcish Mines.
  9496 | D:9      | Found a shadowy altar of Dithmenos.
  9632 | D:9      | Noticed a kobold demonologist
  9645 | D:9      | Killed a kobold demonologist
  9930 | D:10     | Entered Level 10 of the Dungeon
 10029 | D:10     | Reached XP level 11. HP: 56/79 MP: 14/14
 10052 | D:10     | Reached skill level 13 in Ranged Weapons
 10505 | D:10     | Reached **** piety under Fedhas
 11299 | D:10     | Found a shimmering blue altar of Sif Muna.
 11699 | Lair:1   | Entered Level 1 of the Lair of Beasts
 11701 | Lair:1   | Noticed an elephant
 11701 | Lair:1   | Noticed an elephant
 11701 | Lair:1   | Noticed an elephant
 11718 | D:8      | Reached skill level 5 in Stealth
 12009 | D:8      | Killed an elephant
 12334 | D:8      | HP: 3/79 [yak (4)]
 12345 | Lair:1   | Slain by a wyvern

Illustrated notes

Levels and vault maps discovered:
D:1:      erik_arrival_orb_chamber, layout_rooms, nicolae_eternal_life
D:2:      layout_loops_cross
D:3:      cheibrodos_greedy_goblins, layout_basic, fedhas_altar_4, minivault_25
D:4:      layout_basic, nicolae_qazlal_style_of_elements,
          nicolae_overflow_crystal_walls
D:5:      lemuel_ice_spiral_2, layout_basic, lemuel_zombie_altar_kikubaaqudgha,
          uniq_grinder
D:6:      layout_loops_ring
D:7:      layout_basic, marbit_many_paths, elyvilon_altar_5, temple_hall
D:8:      layout_basic, old_standard_altar, erik_lair_orcish_takeover,
          uniq_erica
D:9:      layout_grid_maze, lemuel_doored_altar,
          mainiacjoe_overflow_surrounded_room, orc_david_3
D:10:     layout_loops_ring, kennysheep_orc_sif_temple, chequers_garden
Lair:1:   layout_cave_pods, grunt_megastairs_1

Skill      XL: |  1  2  3  4  5  6  7  8  9 10 11 |
---------------+----------------------------------+-----
Ranged Weapons | 5 6 8 9 11 12 13 | 13.8
Fighting       | 3 4 5 |  5.0
Invocations    | 3 5 |  5.0
Dodging        | 3 5 |  5.0
Evocations     | 3 4 |  4.9
Stealth        | 3 5 |  5.0

Action                     |  1- 3 |  4- 6 |  7- 9 | 10-12 || total
---------------------------+-------+-------+-------+-------++-------
  Melee: Dagger            |       |       |    13 |       ||    13
         Short sword       |       |       |    23 |   101 ||   124
         Unarmed           |       |       |     1 |       ||     1
   Fire: Shortbow          |    89 |   114 |   331 |   325 ||   859
    Use: Scroll            |       |     6 |     9 |     5 ||    20
         Potion            |       |       |     4 |     6 ||    10
 Armour: Leather armour    |     4 |       |       |       ||     4
         Robe              |     5 |    23 |    71 |    95 ||   194
         Skin              |       |       |       |    14 ||    14
  Dodge: Dodged            |    15 |    27 |   116 |   215 ||   373
